cohdb
Replays
Latest Replays
All Replays
Popular Replays
Top Player Replays
Match Explorer
How It Works
Community
CoH3 Stats
Reddit
Sign in to upload your games and track your stats! →
Sign in with Steam
Good Job
Match 16528809
Overview
Messages
Build Orders
End
Construct Barracks
Engineer Squad
Riflemen Squad
Riflemen Squad
Construct Weapon Support Center
Grenade Package
Selects Armored Battlegroup
Selects Assault Engineers
M1 Mortar Team
Selects Strength in Steel
Construct Medical Station
Air Support Center
Sniper
Construct Motor Pool
M24 Chaffee Light Tank
P-47 Dive Bomb
Selects M8 Scott SPG
P-47 Dive Bomb
M8 Scott SPG
Riflemen Squad
P-47 Strafing Run
Selects Field Repairs
Selects War Machine
M24 Chaffee Light Tank
M8 Scott SPG
P-47 Strafing Run
Grasshopper High-Altitude Recon Run
P-47 Dive Bomb
Bazooka Squad
Bazooka Squad
M1 Mortar Team
M1 Mortar Team
M1 Mortar Team
M1 Mortar Team
Bazooka Squad
Bazooka Squad
P-47 Strafing Run
Construct Tank Depot
Olaf Olafson
Hendo
藍橋風車轉
Cpt. Orgazmo
AirborneDivision
めいよ
0
0
Comments
sign in to comment!
No comments posted yet!